[ AOE2 MATCH · #500353916 ]
UnrankedFranks vs Japanese
[ REPLAY ANALYSIS · EXTRACTED FROM THE RECORDED GAME ]
Feudal
15:23
Castle
19:48
Imperial
—
| APM avg | 39.9 |
| APM peak | 68 |
| eAPM avg | 18.6 |
| Villagers / military | 71 / 21 |
Focus
⚔️ 41.6% · 🌾 58.4%
Knight ×17 · Scout Cavalry ×4
Feudal
18:16
Castle
—
Imperial
—
| APM avg | 32.9 |
| APM peak | 64 |
| eAPM avg | 14.2 |
| Villagers / military | 37 / 6 |
Focus
⚔️ 23.7% · 🌾 76.3%
Militia ×6
Feudal
14:30
Castle
19:01
Imperial
—
| APM avg | 42.0 |
| APM peak | 83 |
| eAPM avg | 17.4 |
| Villagers / military | 48 / 22 |
Focus
⚔️ 22.5% · 🌾 77.5%
Plumed Archer ×16 · Monk ×3 · Mangonel ×3
Feudal
14:06
Castle
17:59
Imperial
—
| APM avg | 24.5 |
| APM peak | 52 |
| eAPM avg | 14.1 |
| Villagers / military | 94 / 18 |
Focus
⚔️ 17.2% · 🌾 82.8%
Spearman ×18
Feudal
14:27
Castle
18:05
Imperial
—
| APM avg | 45.0 |
| APM peak | 85 |
| eAPM avg | 21.0 |
| Villagers / military | 78 / 6 |
Focus
⚔️ 26.4% · 🌾 73.6%
Unknown (1952) ×33 · Mangonel ×6
Feudal
12:56
Castle
18:38
Imperial
—
| APM avg | 26.6 |
| APM peak | 72 |
| eAPM avg | 14.5 |
| Villagers / military | 63 / 23 |
Focus
⚔️ 24.0% · 🌾 76.0%
Genoese Crossbowman ×20 · Mangonel ×2 · Battering Ram ×1
Feudal
15:20
Castle
25:18
Imperial
—
| APM avg | 16.7 |
| APM peak | 36 |
| eAPM avg | 11.3 |
| Villagers / military | 77 / 23 |
Focus
⚔️ 17.4% · 🌾 82.6%
Steppe Lancer ×14 · Scout Cavalry ×7 · Mangonel ×2
Feudal
15:37
Castle
21:13
Imperial
—
| APM avg | 39.0 |
| APM peak | 71 |
| eAPM avg | 17.8 |
| Villagers / military | 56 / 8 |
Focus
⚔️ 20.4% · 🌾 79.6%
Steppe Lancer ×6 · Iron Pagoda ×2
Match map
Initial resources + every placement click. Lines = walls · curves = elevation contours. ◆ gold · ⬟ stone · ● berries · ✦ relic · ◌ wall gap
Your base· Open — unwalled flank
Gweer's base· Open — unwalled flank
Guoda Statham's base· Open — unwalled flank
TheRev9426's base· Open — unwalled flank
早安's base· Open — unwalled flank
Wandraak's base· Open — unwalled flank
Yourmomsspagettimonster's base· Open — unwalled flank
不黑的驴's base· Open — unwalled flank
Smoothed initial terrain · ◌ = detected wall gap · hover for details
Inputs per minute
— 碰我就投降 - - Gweer
Build order — 碰我就投降
First 150 of 169 actions detected
| 0:25 | Build | Town Center |
| 1:00 | Build | House |
| 2:36 | Create | Villager (Male) |
| 2:36 | Create | Villager (Male) |
| 2:37 | Create | Villager (Male) |
| 2:37 | Create | Villager (Male) |
| 2:37 | Create | Villager (Male) |
| 3:44 | Build | Mill |
| 4:58 | Research | Loom |
| 5:42 | Create | Villager (Male) |
| 5:42 | Create | Villager (Male) |
| 5:43 | Create | Villager (Male) |
| 6:22 | Create | Villager (Male) |
| 6:26 | Build | House |
| 6:29 | Create | Villager (Male) |
| 6:30 | Create | Villager (Male) |
| 7:12 | Create | Villager (Male) |
| 7:35 | Create | Villager (Male) |
| 8:08 | Create | Villager (Male) |
| 8:27 | Build | Lumber Camp |
| 8:32 | Create | Villager (Male) |
| 8:43 | Build | Mill |
| 9:37 | Create | Villager (Male) |
| 9:41 | Build | House |
| 10:21 | Create | Villager (Male) |
| 10:22 | Build | House |
| 10:24 | Create | Villager (Male) |
| 10:24 | Create | Villager (Male) |
| 10:58 | Build | House |
| 11:38 | Build | Mining Camp |
| 11:55 | Create | Villager (Male) |
| 12:23 | Create | Villager (Male) |
| 12:45 | Create | Villager (Male) |
| 12:52 | Research | Feudal Age |
| 13:22 | Build | Barracks |
| 13:27 | Create | Villager (Male) |
| 13:28 | Create | Villager (Male) |
| 13:41 | Build | Farm |
| 13:50 | Build | Farm |
| 14:37 | Build | Farm |
| 15:23 | Age | Feudal Age |
| 15:27 | Build | Market |
| 15:37 | Build | Blacksmith |
| 16:05 | Create | Villager (Male) |
| 16:34 | Create | Villager (Male) |
| 17:08 | Research | Castle Age |
| 17:09 | Research | Castle Age |
| 17:19 | Build | Stable |
| 17:37 | Build | House |
| 17:38 | Build | House |
| 17:40 | Build | House |
| 17:41 | Build | House |
| 17:46 | Build | Stone Wall |
| 18:06 | Research | Double-Bit Axe |
| 19:04 | Create | Villager (Male) |
| 19:04 | Create | Villager (Male) |
| 19:18 | Create | Scout Cavalry |
| 19:18 | Create | Scout Cavalry |
| 19:18 | Create | Scout Cavalry |
| 19:18 | Create | Scout Cavalry |
| 19:32 | Build | Mining Camp |
| 19:48 | Age | Castle Age |
| 19:49 | Build | Gate |
| 20:11 | Research | Stone Mining |
| 20:11 | Research | Gold Mining |
| 20:52 | Create | Villager (Male) |
| 20:53 | Create | Villager (Male) |
| 21:02 | Build | Lumber Camp |
| 21:13 | Create | Knight |
| 21:13 | Create | Knight |
| 21:14 | Create | Knight |
| 21:25 | Build | Town Center |
| 21:44 | Create | Villager (Male) |
| 21:44 | Create | Villager (Male) |
| 21:45 | Create | Villager (Male) |
| 21:51 | Build | Farm |
| 21:52 | Build | Farm |
| 21:52 | Build | Farm |
| 21:53 | Build | Farm |
| 22:10 | Build | Stone Wall |
| 22:17 | Create | Villager (Male) |
| 22:26 | Build | Stone Wall |
| 22:37 | Create | Villager (Male) |
| 22:45 | Build | Farm |
| 22:45 | Build | Farm |
| 22:49 | Build | Farm |
| 22:49 | Build | Farm |
| 23:13 | Create | Knight |
| 23:19 | Build | Farm |
| 23:20 | Build | Farm |
| 23:34 | Create | Villager (Male) |
| 23:34 | Create | Villager (Male) |
| 23:51 | Create | Villager (Male) |
| 23:51 | Create | Villager (Male) |
| 23:51 | Create | Villager (Male) |
| 23:55 | Build | Farm |
| 23:56 | Build | Farm |
| 24:12 | Create | Villager (Male) |
| 24:12 | Create | Villager (Male) |
| 24:12 | Create | Villager (Male) |
| 24:13 | Create | Villager (Male) |
| 24:23 | Create | Villager (Male) |
| 24:29 | Build | Farm |
| 24:29 | Build | Farm |
| 24:31 | Build | Farm |
| 24:37 | Create | Villager (Male) |
| 24:37 | Create | Villager (Male) |
| 24:55 | Create | Villager (Male) |
| 25:03 | Build | House |
| 25:04 | Build | House |
| 25:05 | Build | House |
| 25:07 | Build | House |
| 25:08 | Create | Villager (Male) |
| 25:08 | Create | Villager (Male) |
| 25:17 | Build | Farm |
| 25:17 | Build | Farm |
| 25:23 | Build | Farm |
| 25:35 | Create | Villager (Male) |
| 25:35 | Create | Villager (Male) |
| 26:01 | Build | Lumber Camp |
| 26:02 | Create | Villager (Male) |
| 26:02 | Create | Villager (Male) |
| 26:21 | Create | Villager (Male) |
| 26:21 | Create | Villager (Male) |
| 26:35 | Build | Farm |
| 26:42 | Build | Farm |
| 26:43 | Build | Farm |
| 27:07 | Create | Villager (Male) |
| 27:08 | Create | Villager (Male) |
| 27:22 | Build | Mill |
| 27:23 | Build | Farm |
| 27:23 | Build | Farm |
| 27:24 | Build | Farm |
| 27:24 | Build | Farm |
| 27:24 | Build | Farm |
| 27:26 | Create | Villager (Male) |
| 27:26 | Create | Villager (Male) |
| 27:34 | Build | House |
| 27:40 | Build | Farm |
| 27:50 | Research | Wheelbarrow |
| 27:54 | Research | Scale Barding Armor |
| 28:09 | Create | Villager (Male) |
| 28:10 | Create | Villager (Male) |
| 28:16 | Build | Lumber Camp |
| 28:32 | Build | Farm |
| 28:32 | Build | Farm |
| 28:32 | Build | Farm |
| 28:33 | Build | Farm |
| 28:33 | Build | Farm |
| 28:45 | Create | Villager (Male) |
Build order — Gweer
80 actions detected in the replay
| 0:07 | Build | House |
| 0:13 | Build | House |
| 0:53 | Build | Town Center |
| 3:30 | Create | Villager (Male) |
| 3:30 | Create | Villager (Male) |
| 3:30 | Create | Villager (Male) |
| 3:31 | Create | Villager (Male) |
| 4:39 | Create | Villager (Male) |
| 4:55 | Research | Loom |
| 5:28 | Create | Villager (Male) |
| 5:52 | Create | Villager (Male) |
| 6:37 | Create | Villager (Male) |
| 7:16 | Create | Villager (Male) |
| 7:33 | Build | Lumber Camp |
| 7:40 | Create | Villager (Male) |
| 8:10 | Create | Villager (Male) |
| 8:11 | Create | Villager (Male) |
| 8:20 | Build | House |
| 9:10 | Create | Villager (Male) |
| 9:11 | Create | Villager (Male) |
| 9:13 | Build | House |
| 9:33 | Build | House |
| 9:44 | Build | Mining Camp |
| 10:08 | Create | Villager (Male) |
| 10:09 | Create | Villager (Male) |
| 11:01 | Build | Barracks |
| 11:05 | Build | Barracks |
| 11:10 | Build | House |
| 11:12 | Create | Villager (Male) |
| 11:13 | Create | Villager (Male) |
| 11:40 | Create | Villager (Male) |
| 11:41 | Create | Villager (Male) |
| 11:41 | Create | Villager (Male) |
| 12:05 | Create | Villager (Male) |
| 12:50 | Build | Outpost |
| 13:25 | Build | Barracks |
| 13:49 | Build | Mill |
| 13:56 | Create | Villager (Male) |
| 13:57 | Create | Villager (Male) |
| 14:49 | Build | Farm |
| 14:56 | Build | Farm |
| 14:58 | Create | Villager (Male) |
| 15:23 | Create | Villager (Male) |
| 16:06 | Research | Feudal Age |
| 16:18 | Build | Mining Camp |
| 17:27 | Create | Militia |
| 17:27 | Create | Militia |
| 17:28 | Create | Militia |
| 17:28 | Create | Militia |
| 17:29 | Create | Militia |
| 17:30 | Create | Militia |
| 17:50 | Build | Farm |
| 17:54 | Build | Farm |
| 17:56 | Create | Villager (Male) |
| 17:57 | Create | Villager (Male) |
| 18:16 | Age | Feudal Age |
| 18:16 | Build | House |
| 18:23 | Build | House |
| 18:24 | Build | House |
| 18:29 | Research | Man-at-Arms (upgrade) |
| 18:35 | Build | Market |
| 19:24 | Build | Watch Tower |
| 20:04 | Build | Watch Tower |
| 20:53 | Build | Farm |
| 20:55 | Create | Villager (Male) |
| 20:56 | Create | Villager (Male) |
| 20:56 | Create | Villager (Male) |
| 21:08 | Build | Blacksmith |
| 21:21 | Build | Lumber Camp |
| 21:25 | Research | Double-Bit Axe |
| 21:25 | Research | Double-Bit Axe |
| 21:57 | Research | Fletching |
| 21:57 | Research | Fletching |
| 22:49 | Create | Villager (Male) |
| 22:49 | Create | Villager (Male) |
| 23:53 | Create | Villager (Male) |
| 23:54 | Create | Villager (Male) |
| 26:10 | Build | Watch Tower |
| 28:01 | Create | Villager (Male) |
| 28:02 | Create | Villager (Male) |
Build order — Guoda Statham
130 actions detected in the replay
| 0:46 | Build | Town Center |
| 1:03 | Build | Town Center |
| 2:44 | Build | House |
| 3:11 | Create | Villager (Male) |
| 3:11 | Create | Villager (Male) |
| 3:11 | Create | Villager (Male) |
| 3:12 | Create | Villager (Male) |
| 4:30 | Research | Loom |
| 4:35 | Build | House |
| 5:01 | Create | Villager (Male) |
| 5:01 | Create | Villager (Male) |
| 5:27 | Create | Villager (Male) |
| 5:27 | Create | Villager (Male) |
| 6:00 | Create | Villager (Male) |
| 6:01 | Create | Villager (Male) |
| 6:01 | Create | Villager (Male) |
| 6:09 | Build | House |
| 6:28 | Build | House |
| 6:55 | Create | Villager (Male) |
| 6:55 | Create | Villager (Male) |
| 6:56 | Create | Villager (Male) |
| 7:15 | Build | House |
| 7:28 | Build | House |
| 8:01 | Create | Villager (Male) |
| 8:01 | Create | Villager (Male) |
| 8:02 | Create | Villager (Male) |
| 8:13 | Build | House |
| 8:31 | Build | House |
| 8:39 | Build | House |
| 8:56 | Build | House |
| 9:18 | Create | Villager (Male) |
| 9:45 | Create | Villager (Male) |
| 9:45 | Create | Villager (Male) |
| 9:46 | Create | Villager (Male) |
| 10:12 | Create | Villager (Male) |
| 10:17 | Build | House |
| 10:19 | Build | House |
| 10:50 | Create | Villager (Male) |
| 11:19 | Create | Villager (Male) |
| 11:33 | Build | Mill |
| 11:48 | Build | Mining Camp |
| 11:51 | Create | Villager (Male) |
| 11:54 | Build | House |
| 12:06 | Build | Mining Camp |
| 12:20 | Research | Feudal Age |
| 13:43 | Create | Villager (Male) |
| 13:44 | Create | Villager (Male) |
| 14:04 | Create | Villager (Male) |
| 14:30 | Age | Feudal Age |
| 14:39 | Build | Market |
| 14:44 | Build | Blacksmith |
| 15:46 | Build | Gate |
| 15:48 | Build | House |
| 15:56 | Create | Villager (Male) |
| 16:19 | Research | Castle Age |
| 17:01 | Build | Lumber Camp |
| 17:11 | Research | Fletching |
| 17:46 | Research | Double-Bit Axe |
| 17:47 | Research | Horse Collar |
| 18:38 | Build | Gate |
| 18:41 | Build | House |
| 18:47 | Build | House |
| 18:49 | Create | Villager (Male) |
| 18:50 | Create | Villager (Male) |
| 19:01 | Age | Castle Age |
| 19:14 | Build | Castle |
| 19:17 | Build | Mining Camp |
| 19:38 | Build | Castle |
| 19:45 | Research | Bodkin Arrow |
| 19:59 | Build | Farm |
| 20:04 | Build | Farm |
| 20:05 | Build | Farm |
| 20:08 | Build | Farm |
| 20:16 | Build | House |
| 20:20 | Build | Stone Wall |
| 20:38 | Build | Farm |
| 20:43 | Build | Farm |
| 21:18 | Create | Villager (Male) |
| 21:20 | Build | Farm |
| 21:23 | Create | Villager (Male) |
| 21:27 | Build | University |
| 21:39 | Build | Farm |
| 21:40 | Create | Plumed Archer |
| 21:41 | Create | Plumed Archer |
| 22:03 | Create | Plumed Archer |
| 22:05 | Create | Villager (Male) |
| 22:47 | Create | Plumed Archer |
| 22:47 | Create | Villager (Male) |
| 22:56 | Build | Siege Workshop |
| 23:07 | Create | Plumed Archer |
| 23:34 | Create | Villager (Male) |
| 23:46 | Create | Mangonel |
| 23:48 | Create | Villager (Male) |
| 24:12 | Research | Padded Archer Armor |
| 24:17 | Create | Villager (Male) |
| 24:22 | Create | Mangonel |
| 24:46 | Create | Villager (Male) |
| 24:50 | Create | Plumed Archer |
| 24:51 | Create | Plumed Archer |
| 24:56 | Create | Villager (Male) |
| 25:02 | Build | Farm |
| 25:04 | Build | Farm |
| 25:49 | Create | Plumed Archer |
| 26:08 | Create | Villager (Male) |
| 26:20 | Create | Plumed Archer |
| 26:30 | Build | Monastery |
| 26:51 | Create | Villager (Male) |
| 26:58 | Research | Ballistics |
| 27:03 | Create | Plumed Archer |
| 27:04 | Create | Plumed Archer |
| 27:06 | Create | Monk |
| 27:09 | Create | Monk |
| 27:17 | Create | Villager (Male) |
| 27:20 | Research | Gold Mining |
| 28:00 | Create | Plumed Archer |
| 28:01 | Create | Plumed Archer |
| 28:06 | Create | Mangonel |
| 28:14 | Create | Plumed Archer |
| 28:40 | Create | Plumed Archer |
| 28:42 | Create | Villager (Male) |
| 28:43 | Create | Villager (Male) |
| 28:57 | Create | Plumed Archer |
| 28:58 | Create | Villager (Male) |
| 29:07 | Research | Sanctity |
| 29:18 | Create | Monk |
| 29:20 | Create | Villager (Male) |
| 29:24 | Build | House |
| 29:25 | Build | House |
| 29:30 | Build | Mining Camp |
| 29:34 | Create | Villager (Male) |
Build order — TheRev9426
First 150 of 216 actions detected
| 1:25 | Build | Town Center |
| 1:32 | Build | House |
| 3:21 | Create | Villager (Male) |
| 3:21 | Create | Villager (Male) |
| 3:21 | Create | Villager (Male) |
| 3:21 | Create | Villager (Male) |
| 3:22 | Create | Villager (Male) |
| 4:50 | Create | Villager (Male) |
| 4:50 | Create | Villager (Male) |
| 5:05 | Build | House |
| 5:19 | Create | Villager (Male) |
| 5:58 | Create | Villager (Male) |
| 5:58 | Create | Villager (Male) |
| 5:58 | Create | Villager (Male) |
| 6:45 | Create | Villager (Male) |
| 6:45 | Create | Villager (Male) |
| 6:45 | Create | Villager (Male) |
| 6:45 | Create | Villager (Male) |
| 7:40 | Build | House |
| 7:46 | Create | Villager (Male) |
| 7:47 | Create | Villager (Male) |
| 7:47 | Create | Villager (Male) |
| 7:47 | Create | Villager (Male) |
| 8:37 | Create | Villager (Male) |
| 8:38 | Create | Villager (Male) |
| 9:01 | Create | Villager (Male) |
| 9:07 | Create | Villager (Male) |
| 9:17 | Build | Mill |
| 10:25 | Build | Lumber Camp |
| 10:34 | Build | House |
| 10:36 | Research | Loom |
| 11:06 | Create | Villager (Male) |
| 11:07 | Create | Villager (Male) |
| 11:56 | Research | Feudal Age |
| 12:04 | Build | Mining Camp |
| 12:07 | Build | House |
| 12:33 | Create | Villager (Male) |
| 12:33 | Create | Villager (Male) |
| 12:47 | Create | Villager (Male) |
| 12:50 | Build | Farm |
| 12:59 | Build | Farm |
| 13:03 | Build | Farm |
| 14:06 | Age | Feudal Age |
| 14:09 | Build | House |
| 14:21 | Build | Market |
| 14:24 | Build | Blacksmith |
| 15:19 | Research | Castle Age |
| 15:19 | Research | Castle Age |
| 15:52 | Research | Double-Bit Axe |
| 16:54 | Build | Farm |
| 17:51 | Build | Farm |
| 17:59 | Age | Castle Age |
| 18:06 | Build | Town Center |
| 18:12 | Create | Villager (Male) |
| 18:12 | Create | Villager (Male) |
| 18:17 | Build | Town Center |
| 18:26 | Research | Bow Saw |
| 18:29 | Research | Horse Collar |
| 18:41 | Build | House |
| 18:45 | Research | Wheelbarrow |
| 19:55 | Build | House |
| 19:56 | Build | House |
| 19:57 | Build | House |
| 20:02 | Create | Villager (Male) |
| 20:11 | Create | Villager (Male) |
| 20:14 | Build | Farm |
| 20:20 | Build | Farm |
| 20:20 | Build | Farm |
| 20:20 | Build | Farm |
| 20:27 | Create | Villager (Male) |
| 20:27 | Create | Villager (Male) |
| 20:28 | Create | Villager (Male) |
| 20:32 | Build | Farm |
| 20:33 | Build | Farm |
| 20:33 | Build | Farm |
| 20:39 | Build | Farm |
| 20:39 | Build | Farm |
| 20:40 | Build | Farm |
| 20:45 | Create | Villager (Male) |
| 20:45 | Create | Villager (Male) |
| 20:45 | Create | Villager (Male) |
| 21:03 | Build | Farm |
| 21:11 | Create | Villager (Male) |
| 21:14 | Create | Villager (Male) |
| 21:20 | Build | Farm |
| 21:20 | Build | Farm |
| 21:20 | Build | Farm |
| 21:29 | Create | Villager (Male) |
| 21:43 | Create | Villager (Male) |
| 21:43 | Create | Villager (Male) |
| 21:46 | Create | Villager (Male) |
| 22:07 | Create | Villager (Male) |
| 22:07 | Create | Villager (Male) |
| 22:07 | Create | Villager (Male) |
| 22:17 | Build | Farm |
| 22:26 | Build | House |
| 22:28 | Build | House |
| 22:37 | Create | Villager (Male) |
| 22:37 | Create | Villager (Male) |
| 22:38 | Create | Villager (Male) |
| 23:01 | Build | Mining Camp |
| 23:04 | Create | Villager (Male) |
| 23:05 | Create | Villager (Male) |
| 23:05 | Create | Villager (Male) |
| 23:05 | Create | Villager (Male) |
| 23:31 | Build | House |
| 23:33 | Build | House |
| 23:34 | Build | House |
| 23:38 | Build | House |
| 23:43 | Create | Villager (Male) |
| 23:43 | Create | Villager (Male) |
| 23:43 | Create | Villager (Male) |
| 23:44 | Create | Villager (Male) |
| 23:44 | Create | Villager (Male) |
| 23:50 | Build | Farm |
| 23:51 | Build | Farm |
| 24:04 | Create | Villager (Male) |
| 24:04 | Create | Villager (Male) |
| 24:09 | Build | Barracks |
| 24:19 | Build | House |
| 24:20 | Build | House |
| 24:27 | Build | House |
| 24:29 | Build | House |
| 24:30 | Build | House |
| 24:32 | Build | House |
| 24:33 | Build | House |
| 24:36 | Create | Villager (Male) |
| 24:36 | Create | Villager (Male) |
| 24:36 | Create | Villager (Male) |
| 24:48 | Build | Barracks |
| 25:05 | Create | Villager (Male) |
| 25:05 | Create | Villager (Male) |
| 25:06 | Create | Villager (Male) |
| 25:24 | Research | Pikeman (upgrade) |
| 25:25 | Research | Squires |
| 25:27 | Research | Scale Mail Armor |
| 25:33 | Build | Mill |
| 25:34 | Build | Farm |
| 25:34 | Build | Farm |
| 25:34 | Build | Farm |
| 25:34 | Build | Farm |
| 25:35 | Build | Farm |
| 25:35 | Build | Farm |
| 25:42 | Create | Villager (Male) |
| 25:42 | Create | Villager (Male) |
| 25:42 | Create | Villager (Male) |
| 26:11 | Create | Villager (Male) |
| 26:11 | Create | Villager (Male) |
| 26:11 | Create | Villager (Male) |
| 26:11 | Create | Villager (Male) |
Build order — 早安
First 150 of 183 actions detected
| 0:16 | Build | Town Center |
| 1:07 | Build | House |
| 2:38 | Create | Villager (Male) |
| 2:38 | Create | Villager (Male) |
| 2:38 | Create | Villager (Male) |
| 2:39 | Create | Villager (Male) |
| 2:39 | Create | Villager (Male) |
| 4:11 | Create | Villager (Male) |
| 4:11 | Create | Villager (Male) |
| 4:22 | Build | House |
| 4:31 | Build | House |
| 4:48 | Build | House |
| 5:00 | Build | House |
| 5:12 | Create | Villager (Male) |
| 5:12 | Create | Villager (Male) |
| 5:13 | Create | Villager (Male) |
| 6:07 | Create | Villager (Male) |
| 6:08 | Create | Villager (Male) |
| 6:08 | Create | Villager (Male) |
| 6:19 | Create | Villager (Male) |
| 6:19 | Create | Villager (Male) |
| 6:57 | Build | House |
| 7:01 | Build | House |
| 7:20 | Build | House |
| 7:31 | Research | Loom |
| 7:31 | Research | Loom |
| 7:36 | Build | House |
| 8:01 | Create | Villager (Male) |
| 8:02 | Create | Villager (Male) |
| 8:03 | Create | Villager (Male) |
| 8:03 | Create | Villager (Male) |
| 8:25 | Create | Villager (Male) |
| 8:25 | Create | Villager (Male) |
| 8:25 | Create | Villager (Male) |
| 8:34 | Build | House |
| 8:51 | Build | Mill |
| 9:46 | Create | Villager (Male) |
| 9:47 | Create | Villager (Male) |
| 10:12 | Create | Villager (Male) |
| 10:18 | Build | Barracks |
| 10:39 | Create | Villager (Male) |
| 10:56 | Create | Villager (Male) |
| 11:08 | Create | Villager (Male) |
| 11:16 | Build | House |
| 11:25 | Create | Villager (Male) |
| 11:27 | Build | Mining Camp |
| 12:08 | Research | Feudal Age |
| 12:11 | Build | House |
| 13:21 | Build | House |
| 13:56 | Create | Villager (Male) |
| 13:57 | Create | Villager (Male) |
| 14:27 | Age | Feudal Age |
| 14:28 | Build | Archery Range |
| 14:34 | Build | Blacksmith |
| 15:04 | Build | House |
| 15:13 | Build | House |
| 15:25 | Research | Castle Age |
| 15:29 | Build | House |
| 15:42 | Build | Archery Range |
| 16:27 | Build | Lumber Camp |
| 16:31 | Research | Gold Mining |
| 16:31 | Research | Gold Mining |
| 16:55 | Research | Double-Bit Axe |
| 16:58 | Build | House |
| 17:35 | Build | House |
| 17:43 | Research | Fletching |
| 17:43 | Research | Fletching |
| 18:01 | Create | Villager (Male) |
| 18:05 | Age | Castle Age |
| 18:07 | Create | Unit 1952 |
| 18:07 | Create | Unit 1952 |
| 18:12 | Build | Siege Workshop |
| 18:26 | Create | Unit 1952 |
| 18:36 | Create | Villager (Male) |
| 18:42 | Create | Unit 1952 |
| 18:42 | Create | Unit 1952 |
| 18:43 | Create | Unit 1952 |
| 18:50 | Create | Unit 1952 |
| 19:07 | Create | Unit 1952 |
| 19:08 | Create | Unit 1952 |
| 19:27 | Create | Villager (Male) |
| 19:27 | Create | Villager (Male) |
| 19:28 | Create | Villager (Male) |
| 19:34 | Create | Unit 1952 |
| 19:35 | Create | Unit 1952 |
| 19:35 | Create | Unit 1952 |
| 19:35 | Create | Unit 1952 |
| 19:42 | Create | Villager (Male) |
| 19:50 | Research | Bodkin Arrow |
| 19:50 | Research | Bodkin Arrow |
| 20:02 | Build | House |
| 20:27 | Create | Mangonel |
| 20:50 | Create | Unit 1952 |
| 20:50 | Create | Unit 1952 |
| 20:50 | Create | Unit 1952 |
| 20:54 | Build | Farm |
| 21:13 | Create | Mangonel |
| 21:14 | Create | Mangonel |
| 21:41 | Build | Farm |
| 21:43 | Build | Farm |
| 21:58 | Build | Farm |
| 22:00 | Build | Farm |
| 22:49 | Build | House |
| 22:51 | Create | Unit 1952 |
| 22:51 | Create | Unit 1952 |
| 22:52 | Create | Villager (Male) |
| 22:53 | Create | Villager (Male) |
| 22:53 | Create | Villager (Male) |
| 22:58 | Build | Farm |
| 23:00 | Build | Farm |
| 23:04 | Create | Unit 1952 |
| 23:08 | Create | Villager (Male) |
| 23:08 | Create | Villager (Male) |
| 23:11 | Build | House |
| 23:12 | Build | House |
| 23:30 | Create | Villager (Male) |
| 23:30 | Create | Villager (Male) |
| 23:30 | Create | Villager (Male) |
| 23:34 | Build | Farm |
| 23:50 | Build | Farm |
| 24:03 | Create | Villager (Male) |
| 24:03 | Create | Villager (Male) |
| 24:04 | Create | Villager (Male) |
| 24:06 | Build | Farm |
| 24:10 | Build | House |
| 24:11 | Build | House |
| 24:22 | Create | Villager (Male) |
| 24:23 | Create | Villager (Male) |
| 24:25 | Build | Farm |
| 24:34 | Build | House |
| 24:35 | Create | Unit 1952 |
| 24:35 | Create | Unit 1952 |
| 24:36 | Create | Unit 1952 |
| 24:36 | Create | Unit 1952 |
| 24:36 | Create | Unit 1952 |
| 24:43 | Build | Farm |
| 24:51 | Create | Villager (Male) |
| 24:51 | Create | Villager (Male) |
| 24:51 | Create | Villager (Male) |
| 24:59 | Create | Unit 1952 |
| 24:59 | Create | Unit 1952 |
| 25:01 | Create | Villager (Male) |
| 25:01 | Create | Villager (Male) |
| 25:01 | Create | Villager (Male) |
| 25:27 | Create | Villager (Male) |
| 25:27 | Create | Villager (Male) |
| 25:27 | Create | Villager (Male) |
| 25:27 | Create | Villager (Male) |
| 25:38 | Create | Villager (Male) |
| 25:39 | Create | Villager (Male) |
Build order — Wandraak
First 150 of 163 actions detected
| 1:01 | Build | Town Center |
| 3:03 | Create | Villager (Male) |
| 3:03 | Create | Villager (Male) |
| 3:03 | Create | Villager (Male) |
| 3:20 | Build | House |
| 3:22 | Build | House |
| 4:03 | Create | Villager (Male) |
| 4:22 | Create | Villager (Male) |
| 4:23 | Create | Villager (Male) |
| 4:58 | Create | Villager (Male) |
| 4:58 | Create | Villager (Male) |
| 5:29 | Create | Villager (Male) |
| 5:53 | Create | Villager (Male) |
| 5:53 | Create | Villager (Male) |
| 6:28 | Create | Villager (Male) |
| 6:28 | Create | Villager (Male) |
| 7:05 | Create | Villager (Male) |
| 7:06 | Create | Villager (Male) |
| 7:06 | Create | Villager (Male) |
| 7:17 | Build | Mill |
| 7:23 | Build | House |
| 7:25 | Build | House |
| 7:45 | Create | Villager (Male) |
| 8:14 | Create | Villager (Male) |
| 8:35 | Build | Lumber Camp |
| 8:44 | Create | Villager (Male) |
| 9:02 | Create | Villager (Male) |
| 9:32 | Build | Farm |
| 9:36 | Create | Villager (Male) |
| 10:17 | Build | Mill |
| 10:46 | Research | Feudal Age |
| 11:34 | Build | Farm |
| 11:36 | Build | Farm |
| 11:41 | Build | Farm |
| 12:14 | Create | Villager (Male) |
| 12:38 | Create | Villager (Male) |
| 12:56 | Age | Feudal Age |
| 12:57 | Research | Double-Bit Axe |
| 12:57 | Research | Horse Collar |
| 13:10 | Create | Villager (Male) |
| 13:42 | Create | Villager (Male) |
| 14:04 | Create | Villager (Male) |
| 14:27 | Build | House |
| 14:35 | Build | House |
| 14:38 | Create | Villager (Male) |
| 14:47 | Build | Market |
| 14:52 | Build | Blacksmith |
| 14:56 | Create | Villager (Male) |
| 15:29 | Build | Mining Camp |
| 15:33 | Create | Villager (Male) |
| 15:56 | Research | Castle Age |
| 16:17 | Build | Mining Camp |
| 16:28 | Build | Palisade Wall |
| 16:28 | Build | Palisade Wall |
| 16:29 | Build | Palisade Wall |
| 16:30 | Build | Palisade Wall |
| 16:31 | Build | Palisade Wall |
| 16:32 | Build | Palisade Wall |
| 16:32 | Build | Palisade Wall |
| 16:33 | Build | Palisade Wall |
| 16:41 | Build | House |
| 16:43 | Build | House |
| 16:48 | Build | Palisade Wall |
| 16:50 | Create | Villager (Male) |
| 17:01 | Build | House |
| 17:15 | Build | Palisade Wall |
| 17:16 | Build | Palisade Wall |
| 17:16 | Build | Palisade Wall |
| 17:17 | Build | Palisade Wall |
| 17:26 | Build | Palisade Wall |
| 17:27 | Build | Palisade Wall |
| 17:27 | Build | Palisade Wall |
| 17:29 | Create | Villager (Male) |
| 17:53 | Create | Villager (Male) |
| 18:38 | Age | Castle Age |
| 18:43 | Create | Villager (Male) |
| 18:48 | Research | Bow Saw |
| 18:51 | Build | Farm |
| 18:57 | Build | Farm |
| 19:01 | Build | Farm |
| 19:03 | Build | Farm |
| 19:34 | Build | Castle |
| 19:40 | Create | Villager (Male) |
| 20:01 | Create | Villager (Male) |
| 20:21 | Create | Villager (Male) |
| 20:24 | Build | Farm |
| 20:33 | Create | Villager (Male) |
| 20:45 | Create | Genoese Crossbowman |
| 20:45 | Create | Genoese Crossbowman |
| 21:00 | Research | Fletching |
| 21:02 | Create | Genoese Crossbowman |
| 21:35 | Create | Villager (Male) |
| 21:36 | Create | Villager (Male) |
| 21:43 | Build | Town Center |
| 21:49 | Research | Loom |
| 22:23 | Create | Villager (Male) |
| 22:23 | Create | Villager (Male) |
| 22:24 | Create | Genoese Crossbowman |
| 22:25 | Create | Genoese Crossbowman |
| 22:37 | Create | Genoese Crossbowman |
| 22:37 | Create | Genoese Crossbowman |
| 22:50 | Create | Villager (Male) |
| 22:50 | Create | Villager (Male) |
| 22:57 | Build | Siege Workshop |
| 23:02 | Create | Villager (Male) |
| 23:02 | Create | Villager (Male) |
| 23:08 | Build | Siege Workshop |
| 23:11 | Create | Genoese Crossbowman |
| 23:23 | Build | Farm |
| 23:45 | Create | Villager (Male) |
| 23:45 | Create | Villager (Male) |
| 24:21 | Create | Genoese Crossbowman |
| 24:21 | Create | Genoese Crossbowman |
| 24:26 | Create | Villager (Male) |
| 24:26 | Create | Villager (Male) |
| 24:33 | Build | Farm |
| 24:36 | Research | Bodkin Arrow |
| 25:07 | Create | Genoese Crossbowman |
| 25:08 | Create | Genoese Crossbowman |
| 25:31 | Create | Battering Ram |
| 25:33 | Build | House |
| 25:38 | Create | Genoese Crossbowman |
| 25:56 | Build | University |
| 26:04 | Create | Villager (Male) |
| 26:05 | Create | Villager (Male) |
| 26:28 | Create | Genoese Crossbowman |
| 26:46 | Create | Villager (Male) |
| 26:46 | Create | Villager (Male) |
| 26:49 | Research | Ballistics |
| 26:52 | Create | Mangonel |
| 27:08 | Create | Villager (Male) |
| 27:08 | Create | Villager (Male) |
| 27:23 | Create | Mangonel |
| 27:24 | Build | House |
| 27:25 | Build | House |
| 27:27 | Create | Villager (Male) |
| 27:27 | Create | Villager (Male) |
| 27:27 | Create | Villager (Male) |
| 28:13 | Create | Villager (Male) |
| 28:13 | Create | Villager (Male) |
| 28:14 | Create | Villager (Male) |
| 28:14 | Create | Villager (Male) |
| 28:21 | Build | Farm |
| 28:21 | Build | Farm |
| 28:28 | Build | Farm |
| 28:28 | Build | Farm |
| 28:28 | Build | Farm |
| 28:31 | Create | Villager (Male) |
| 28:35 | Build | Lumber Camp |
| 29:01 | Create | Genoese Crossbowman |
Build order — Yourmomsspagettimonster
First 150 of 188 actions detected
| 0:27 | Build | Town Center |
| 2:43 | Create | Villager (Male) |
| 2:43 | Create | Villager (Male) |
| 2:43 | Create | Villager (Male) |
| 2:44 | Create | Villager (Male) |
| 2:44 | Create | Villager (Male) |
| 3:29 | Build | House |
| 3:30 | Build | House |
| 3:39 | Research | Loom |
| 4:09 | Create | Villager (Male) |
| 4:09 | Create | Villager (Male) |
| 4:10 | Create | Villager (Male) |
| 4:10 | Create | Villager (Male) |
| 4:28 | Build | House |
| 4:35 | Build | House |
| 5:07 | Create | Villager (Male) |
| 5:08 | Create | Villager (Male) |
| 5:40 | Build | House |
| 5:53 | Create | Villager (Male) |
| 5:53 | Create | Villager (Male) |
| 5:57 | Build | House |
| 5:58 | Build | House |
| 6:00 | Build | Palisade Wall |
| 7:07 | Create | Villager (Male) |
| 7:07 | Create | Villager (Male) |
| 7:25 | Build | House |
| 7:26 | Build | House |
| 7:34 | Create | Villager (Male) |
| 7:35 | Create | Villager (Male) |
| 7:35 | Create | Villager (Male) |
| 7:36 | Create | Villager (Male) |
| 8:34 | Build | Mill |
| 8:38 | Create | Villager (Male) |
| 8:39 | Create | Villager (Male) |
| 8:39 | Create | Villager (Male) |
| 8:40 | Create | Villager (Male) |
| 10:00 | Create | Villager (Male) |
| 10:31 | Create | Villager (Male) |
| 10:32 | Create | Villager (Male) |
| 10:38 | Build | Farm |
| 10:42 | Build | Farm |
| 10:46 | Build | Farm |
| 11:19 | Create | Villager (Male) |
| 11:55 | Create | Villager (Male) |
| 12:01 | Build | Lumber Camp |
| 12:07 | Create | Villager (Male) |
| 12:32 | Build | House |
| 12:34 | Build | House |
| 12:42 | Create | Villager (Male) |
| 13:03 | Research | Feudal Age |
| 13:16 | Build | House |
| 13:53 | Build | Palisade Wall |
| 14:31 | Build | House |
| 14:33 | Build | House |
| 14:35 | Build | Palisade Wall |
| 14:48 | Create | Villager (Male) |
| 14:48 | Create | Villager (Male) |
| 15:20 | Age | Feudal Age |
| 15:28 | Build | Town Center |
| 15:35 | Research | Horse Collar |
| 15:39 | Research | Double-Bit Axe |
| 15:44 | Build | Farm |
| 15:48 | Build | Farm |
| 15:52 | Build | Farm |
| 15:56 | Build | Farm |
| 15:59 | Build | Farm |
| 16:03 | Create | Villager (Male) |
| 16:04 | Create | Villager (Male) |
| 16:08 | Build | Palisade Wall |
| 16:32 | Build | Farm |
| 16:34 | Build | Farm |
| 16:35 | Build | Farm |
| 16:48 | Build | Farm |
| 16:55 | Create | Villager (Male) |
| 16:57 | Create | Villager (Male) |
| 17:10 | Create | Villager (Male) |
| 17:11 | Create | Villager (Male) |
| 17:31 | Create | Villager (Male) |
| 17:32 | Create | Villager (Male) |
| 17:39 | Build | Farm |
| 17:43 | Build | Farm |
| 17:48 | Build | Farm |
| 17:52 | Build | Farm |
| 17:54 | Create | Villager (Male) |
| 17:54 | Create | Villager (Male) |
| 18:14 | Create | Villager (Male) |
| 18:15 | Create | Villager (Male) |
| 18:51 | Build | Farm |
| 18:53 | Build | Farm |
| 18:54 | Build | Farm |
| 19:08 | Create | Villager (Male) |
| 19:08 | Create | Villager (Male) |
| 19:19 | Create | Villager (Male) |
| 19:19 | Create | Villager (Male) |
| 19:30 | Build | Barracks |
| 19:36 | Build | House |
| 19:41 | Build | House |
| 19:45 | Create | Villager (Male) |
| 19:46 | Create | Villager (Male) |
| 19:52 | Build | Farm |
| 19:55 | Build | Farm |
| 20:09 | Build | Farm |
| 20:11 | Create | Villager (Male) |
| 20:11 | Create | Villager (Male) |
| 20:21 | Build | Farm |
| 20:29 | Build | Stable |
| 20:39 | Build | Blacksmith |
| 20:42 | Build | House |
| 20:43 | Build | House |
| 20:52 | Build | Farm |
| 20:53 | Create | Villager (Male) |
| 20:54 | Create | Villager (Male) |
| 21:15 | Build | House |
| 21:16 | Build | House |
| 21:18 | Build | House |
| 21:19 | Build | House |
| 21:21 | Build | House |
| 21:23 | Build | House |
| 21:39 | Create | Villager (Male) |
| 21:39 | Create | Villager (Male) |
| 21:52 | Create | Villager (Male) |
| 21:52 | Create | Villager (Male) |
| 22:10 | Build | Mill |
| 22:12 | Build | Farm |
| 22:12 | Build | Farm |
| 22:12 | Build | Farm |
| 22:13 | Build | Farm |
| 22:13 | Build | Farm |
| 22:13 | Build | Farm |
| 22:13 | Build | Farm |
| 22:14 | Build | Farm |
| 22:14 | Build | Farm |
| 22:14 | Build | Farm |
| 22:29 | Build | Mill |
| 22:38 | Research | Castle Age |
| 22:43 | Create | Villager (Male) |
| 22:43 | Create | Villager (Male) |
| 23:03 | Build | Farm |
| 23:04 | Build | Farm |
| 23:07 | Build | Farm |
| 23:09 | Build | Farm |
| 23:12 | Build | Farm |
| 23:17 | Build | Farm |
| 23:21 | Build | Farm |
| 23:24 | Research | Bloodlines |
| 23:28 | Research | Scale Barding Armor |
| 23:43 | Build | Stable |
| 23:48 | Build | Farm |
| 23:51 | Build | Farm |
| 23:55 | Build | Farm |
Build order — 不黑的驴
137 actions detected in the replay
| 0:11 | Build | Town Center |
| 1:47 | Build | House |
| 2:42 | Create | Villager (Male) |
| 2:42 | Create | Villager (Male) |
| 2:42 | Create | Villager (Male) |
| 2:42 | Create | Villager (Male) |
| 3:06 | Build | House |
| 3:16 | Research | Loom |
| 3:16 | Research | Loom |
| 3:20 | Build | House |
| 3:38 | Build | House |
| 4:32 | Create | Villager (Male) |
| 4:32 | Create | Villager (Male) |
| 4:59 | Build | House |
| 5:06 | Create | Villager (Male) |
| 5:07 | Create | Villager (Male) |
| 5:17 | Create | Villager (Male) |
| 5:49 | Create | Villager (Male) |
| 5:49 | Create | Villager (Male) |
| 5:49 | Create | Villager (Male) |
| 6:16 | Create | Villager (Male) |
| 6:35 | Create | Villager (Male) |
| 7:15 | Create | Villager (Male) |
| 7:50 | Create | Villager (Male) |
| 7:50 | Create | Villager (Male) |
| 7:51 | Create | Villager (Male) |
| 7:51 | Create | Villager (Male) |
| 8:01 | Build | Mill |
| 8:03 | Create | Villager (Male) |
| 8:13 | Create | Villager (Male) |
| 8:13 | Create | Villager (Male) |
| 8:28 | Build | House |
| 8:30 | Build | House |
| 8:32 | Create | Villager (Male) |
| 9:09 | Create | Villager (Male) |
| 9:17 | Build | House |
| 9:49 | Build | Mill |
| 10:15 | Create | Villager (Male) |
| 10:30 | Create | Villager (Male) |
| 11:13 | Build | House |
| 11:34 | Build | House |
| 11:42 | Create | Villager (Male) |
| 12:09 | Create | Villager (Male) |
| 12:22 | Build | Lumber Camp |
| 12:30 | Create | Villager (Male) |
| 12:42 | Create | Villager (Male) |
| 12:55 | Build | Barracks |
| 13:24 | Research | Feudal Age |
| 13:56 | Build | Mill |
| 14:04 | Build | House |
| 14:41 | Build | House |
| 14:56 | Build | Palisade Gate |
| 15:02 | Build | House |
| 15:06 | Build | Palisade Gate |
| 15:14 | Build | Palisade Wall |
| 15:23 | Build | Palisade Wall |
| 15:26 | Create | Villager (Male) |
| 15:29 | Build | Mill |
| 15:32 | Create | Villager (Male) |
| 15:37 | Age | Feudal Age |
| 16:10 | Build | House |
| 16:29 | Create | Villager (Male) |
| 16:36 | Build | Market |
| 16:45 | Build | Market |
| 17:01 | Build | Market |
| 17:17 | Build | Blacksmith |
| 17:21 | Create | Villager (Male) |
| 17:31 | Create | Villager (Male) |
| 17:49 | Build | Watch Tower |
| 17:52 | Build | House |
| 18:25 | Build | House |
| 18:31 | Research | Fletching |
| 18:33 | Research | Castle Age |
| 18:59 | Build | Palisade Gate |
| 19:08 | Build | House |
| 19:17 | Build | Palisade Gate |
| 19:31 | Build | Mining Camp |
| 19:38 | Research | Double-Bit Axe |
| 19:40 | Build | Farm |
| 19:42 | Build | Farm |
| 19:44 | Build | Farm |
| 19:46 | Build | Farm |
| 19:49 | Research | Horse Collar |
| 20:15 | Build | Stable |
| 20:23 | Create | Villager (Male) |
| 20:50 | Build | Mill |
| 21:12 | Research | Bloodlines |
| 21:13 | Age | Castle Age |
| 21:17 | Research | Husbandry |
| 21:20 | Build | Stable |
| 21:25 | Create | Villager (Male) |
| 21:28 | Build | Farm |
| 21:37 | Build | Farm |
| 21:40 | Build | Farm |
| 21:44 | Build | Farm |
| 21:46 | Create | Villager (Male) |
| 21:53 | Build | Mill |
| 22:31 | Create | Steppe Lancer |
| 22:34 | Create | Steppe Lancer |
| 22:40 | Create | Villager (Male) |
| 22:48 | Build | Siege Workshop |
| 23:01 | Create | Villager (Male) |
| 23:01 | Create | Villager (Male) |
| 23:29 | Create | Steppe Lancer |
| 23:29 | Create | Steppe Lancer |
| 23:31 | Create | Steppe Lancer |
| 23:41 | Create | Villager (Male) |
| 23:45 | Build | Farm |
| 23:48 | Build | Farm |
| 23:51 | Build | Farm |
| 24:16 | Build | Watch Tower |
| 24:23 | Create | Villager (Male) |
| 24:34 | Create | Villager (Male) |
| 24:48 | Create | Steppe Lancer |
| 24:52 | Create | Villager (Male) |
| 25:07 | Create | Iron Pagoda |
| 25:34 | Create | Villager (Male) |
| 25:39 | Build | Farm |
| 26:03 | Create | Villager (Male) |
| 26:09 | Create | Villager (Male) |
| 26:40 | Create | Iron Pagoda |
| 26:53 | Create | Villager (Male) |
| 27:05 | Create | Villager (Male) |
| 27:27 | Research | Bodkin Arrow |
| 27:42 | Build | Mining Camp |
| 28:06 | Create | Villager (Male) |
| 28:35 | Create | Villager (Male) |
| 28:43 | Build | Palisade Gate |
| 28:51 | Create | Villager (Male) |
| 28:55 | Build | Town Center |
| 29:01 | Build | House |
| 29:04 | Build | House |
| 29:05 | Build | House |
| 29:08 | Build | House |
| 29:21 | Create | Villager (Male) |
| 30:14 | Create | Villager (Male) |
| 30:16 | Create | Villager (Male) |
Match timeline
| 6:00 | Yourmomsspagettimonster · wall_segment Palisade Wall x1 |
| 10:18 | 早安 · first_building Barracks |
| 11:01 | Gweer · first_building Barracks |
| 12:55 | 不黑的驴 · first_building Barracks |
| 12:56 | Wandraak · age_up feudal |
| 13:22 | 碰我就投降 · first_building Barracks |
| 13:53 | Yourmomsspagettimonster · wall_segment Palisade Wall x20 |
| 14:06 | TheRev9426 · age_up feudal |
| 14:27 | 早安 · age_up feudal |
| 14:28 | 早安 · first_building Archery Range |
| 14:30 | Guoda Statham · age_up feudal |
| 14:35 | Yourmomsspagettimonster · wall_segment Palisade Wall x1 |
| 15:14 | 不黑的驴 · wall_segment Palisade Wall x5 |
| 15:20 | Yourmomsspagettimonster · age_up feudal |
| 15:23 | 碰我就投降 · age_up feudal |
| 15:23 | 不黑的驴 · wall_segment Palisade Wall x4 |
| 15:37 | 不黑的驴 · age_up feudal |
| 15:54 | Wandraak · first_market_sell 100 wood |
| 16:08 | Yourmomsspagettimonster · wall_segment Palisade Wall x1 |
| 16:28 | Wandraak · wall_segment Palisade Wall x1 |
| 16:28 | Wandraak · wall_segment Palisade Wall x1 |
| 16:29 | Wandraak · wall_segment Palisade Wall x1 |
| 16:30 | Wandraak · wall_segment Palisade Wall x1 |
| 16:31 | Wandraak · wall_segment Palisade Wall x1 |
| 16:32 | Wandraak · wall_segment Palisade Wall x1 |
| 16:32 | Wandraak · wall_segment Palisade Wall x1 |
| 16:33 | Wandraak · wall_segment Palisade Wall x1 |
| 16:48 | Wandraak · wall_segment Palisade Wall x3 |
| 17:15 | Wandraak · wall_segment Palisade Wall x1 |
| 17:16 | Wandraak · wall_segment Palisade Wall x1 |
| 17:16 | Wandraak · wall_segment Palisade Wall x1 |
| 17:17 | Wandraak · wall_segment Palisade Wall x1 |
| 17:19 | 碰我就投降 · first_building Stable |
| 17:26 | Wandraak · wall_segment Palisade Wall x1 |
| 17:27 | Wandraak · wall_segment Palisade Wall x1 |
| 17:27 | Wandraak · wall_segment Palisade Wall x1 |
| 17:46 | 碰我就投降 · wall_segment Stone Wall x22 |
| 17:59 | TheRev9426 · age_up castle |
| 18:05 | 早安 · age_up castle |
| 18:12 | 早安 · first_building Siege Workshop |
| 18:16 | Gweer · age_up feudal |
| 18:38 | Wandraak · age_up castle |
| 19:01 | Guoda Statham · age_up castle |
| 19:14 | Guoda Statham · first_building Castle |
| 19:30 | Yourmomsspagettimonster · first_building Barracks |
| 19:34 | Wandraak · first_building Castle |
| 19:48 | 碰我就投降 · age_up castle |
| 20:08 | TheRev9426 · first_market_buy 100 food |
| 20:15 | 不黑的驴 · first_building Stable |
| 20:20 | Guoda Statham · wall_segment Stone Wall x1 |
| 20:29 | Yourmomsspagettimonster · first_building Stable |
| 20:50 | Guoda Statham · first_market_buy 100 food |
| 21:13 | 不黑的驴 · age_up castle |
| 22:10 | 碰我就投降 · wall_segment Stone Wall x16 |
| 22:26 | 碰我就投降 · wall_segment Stone Wall x10 |
| 22:29 | 不黑的驴 · first_market_buy 100 food |
| 22:48 | 不黑的驴 · first_building Siege Workshop |
| 22:56 | Guoda Statham · first_building Siege Workshop |
| 22:57 | Wandraak · first_building Siege Workshop |
| 23:24 | Gweer · first_market_sell 100 wood |
| 23:28 | Gweer · first_market_buy 100 food |
| 23:30 | Wandraak · tribute_sent a jugador 1 |
| 23:30 | Wandraak · tribute_sent a jugador 2 |
| 23:30 | Wandraak · tribute_sent a jugador 3 |
| 23:30 | Wandraak · tribute_sent a jugador 4 |
| 23:30 | Wandraak · tribute_sent a jugador 6 |
| 23:30 | Wandraak · tribute_sent a jugador 7 |
| 23:30 | Wandraak · tribute_sent a jugador 8 |
| 23:55 | Wandraak · first_market_buy 100 food |
| 24:09 | TheRev9426 · first_building Barracks |
| 24:11 | 碰我就投降 · first_market_buy 100 food |
| 25:04 | Yourmomsspagettimonster · first_building Siege Workshop |
| 25:18 | Yourmomsspagettimonster · age_up castle |
| 26:30 | Guoda Statham · first_building Monastery |
| 29:59 | Gweer · resign |
| 30:16 | 碰我就投降 · wall_segment Stone Wall x20 |
[ AI ANALYSIS · 1 CREDIT ]
What really happened in this match?
Wolo.gg analyzes every decision: build order, eco, micro, common mistakes by bracket. Personalized analysis on WhatsApp or Discord in 30 seconds.
Civ guide
Franks
Perfil
Jugador #20118875